TOP OF THE 1ST |
Great Lakes Academy Whites batting - Pitching for Gulf Academy Blues : RHP Wyatt Moore
|
Pitching: RHP Wyatt Moore
|
|
Batting: SHB Edward Miller
|
0-0: SINGLE (Flyball, 4MD, EV 90.0 MPH)
|
Batting: LHB Dillard Astbury
|
0-0: Called Strike 0-1: Bunt - Flyout to 5S! F5
|
Batting: RHB Addison Lorimer
|
0-0: Foul Ball, location: 5FF 0-1: Swinging Strike 0-2: Fly out, F8 (Flyball, 78M, EV 79.4 MPH)
|
Batting: RHB Hayward Mawdesley
|
0-0: Fly out, F3 (Popup, 23F, EV 91.3 MPH)
|
Top of the 1st over - 0 runs, 1 hit, 0 errors, 1 left on base; Great Lakes Academy 0 - Gulf Academy 0 |
BOTTOM OF THE 1ST |
Gulf Academy Blues batting - Pitching for Great Lakes Academy Whites : RHP Frank Kelway
|
Pitching: RHP Frank Kelway
|
|
Batting: LHB Richard Catling
|
0-0: Called Strike 0-1: Foul Ball, location: 5DF 0-2: Foul Ball, location: 2F 0-2: Ball 1-2: Ball 2-2: Ball 3-2: Base on Balls
|
Batting: LHB Milo Ellis
|
0-0: Foul Ball, location: 7LSF 0-1: Sac Bunt to 5S - play at first, batter safe! Richard Catling to second
|
Batting: SHB Charles Watson
|
0-0: Ball 1-0: Fly out, F6 (Line Drive, 56D, EV 63.8 MPH) Lined into DP, 6-4 (Line Drive, 56D, EV 63.8 MPH)
|
Batting: RHB Adam Mounsey
|
0-0: Called Strike 0-1: SINGLE (Groundball, 56D, EV 96.9 MPH) Milo Ellis to second
|
Batting: RHB Cloyd West
|
0-0: Ball 1-0: Fielders Choice at 2nd, 6-4 (Groundball, 56, EV 88.1 MPH)
|
Bottom of the 1st over - 0 runs, 2 hits, 0 errors, 2 left on base; Great Lakes Academy 0 - Gulf Academy 0 |
TOP OF THE 2ND |
Great Lakes Academy Whites batting - Pitching for Gulf Academy Blues : RHP Wyatt Moore
|
Batting: LHB Laurence Harris
|
0-0: Ball 1-0: Ball 2-0: Fly out, F6 (Popup, P, EV 71.9 MPH)
|
Batting: RHB Francis Broomfield
|
0-0: Fly out, F8 (Flyball, 8RM, EV 94.4 MPH)
|
Batting: RHB Harry Dudley
|
0-0: Swinging Strike 0-1: Swinging Strike 0-2: Ball 1-2: Ground out U3 (Groundball, 3L, EV 107.5 MPH)
|
Top of the 2nd over - 0 runs, 0 hits, 0 errors, 0 left on base; Great Lakes Academy 0 - Gulf Academy 0 |
BOTTOM OF THE 2ND |
Gulf Academy Blues batting - Pitching for Great Lakes Academy Whites : RHP Frank Kelway
|
Batting: SHB Henry Davies
|
0-0: Ball 1-0: Called Strike 1-1: Called Strike 1-2: Ball 2-2: Ground out U3 (Groundball, 3L, EV 104.4 MPH)
|
Batting: RHB William Lewell
|
0-0: Swinging Strike 0-1: Called Strike 0-2: Ball 1-2: Fly out, F8 (Line Drive, 8LM, EV 95.0 MPH)
|
Batting: RHB Romeo Hall
|
0-0: Swinging Strike 0-1: Ball 1-1: Fly out, F8 (Flyball, 8RXD, EV 96.3 MPH)
|
Bottom of the 2nd over - 0 runs, 0 hits, 0 errors, 0 left on base; Great Lakes Academy 0 - Gulf Academy 0 |
TOP OF THE 3RD |
Great Lakes Academy Whites batting - Pitching for Gulf Academy Blues : RHP Wyatt Moore
|
Batting: RHB Edgar Haxby
|
0-0: Foul Ball, location: 3SF 0-1: Ball 1-1: Foul Ball, location: 5DF 1-2: Ground out 4-3 (Groundball, 4, EV 82.5 MPH)
|
Batting: RHB Frank Kelway
|
0-0: Ball 1-0: Foul Ball, location: 25F 1-1: Ball 2-1: Called Strike 2-2: Strikes out swinging
|
Batting: SHB Edward Miller
|
0-0: Ball 1-0: Ball 2-0: SINGLE (Groundball, 6MD, EV 105.6 MPH)
|
Batting: LHB Dillard Astbury
|
0-0: Ball 1-0: Called Strike Edward Miller steals 2nd base 1-1: Ball 2-1: SINGLE (Flyball, 9LS, EV 83.1 MPH) Edward Miller to third
|
Batting: RHB Addison Lorimer
|
0-0: Ball 1-0: Called Strike 1-1: Called Strike 1-2: Ball 2-2: Strikes out swinging
|
Top of the 3rd over - 0 runs, 2 hits, 0 errors, 2 left on base; Great Lakes Academy 0 - Gulf Academy 0 |
BOTTOM OF THE 3RD |
Gulf Academy Blues batting - Pitching for Great Lakes Academy Whites : RHP Frank Kelway
|
Batting: LHB Wyatt Moore
|
0-0: Called Strike 0-1: Ground out 5-3 (Groundball, 56S, EV 88.1 MPH)
|
Batting: LHB Richard Catling
|
0-0: TRIPLE (Flyball, 78XD, EV 104.4 MPH)
|
Batting: LHB Milo Ellis
|
0-0: Ball 1-0: Called Strike 1-1: Squeeze Bunt to 3S - play at first, runner scores, batter safe! Richard Catling scores
|
Batting: SHB Charles Watson
|
0-0: Ball Milo Ellis steals 2nd base 1-0: Ball 2-0: Called Strike 2-1: Fly out, F8 (Flyball, 8LM, EV 90.6 MPH)
|
Batting: RHB Adam Mounsey
|
0-0: Fly out, F8 (Flyball, 8RXD, EV 106.3 MPH)
|
Bottom of the 3rd over - 1 run, 2 hits, 0 errors, 1 left on base; Great Lakes Academy 0 - Gulf Academy 1 |
TOP OF THE 4TH |
Great Lakes Academy Whites batting - Pitching for Gulf Academy Blues : RHP Wyatt Moore
|
Batting: RHB Hayward Mawdesley
|
0-0: Ball 1-0: SINGLE (Line Drive, 4M, EV 100.0 MPH)
|
Batting: LHB Laurence Harris
|
0-0: Ball 1-0: Called Strike 1-1: Ball 2-1: Called Strike 2-2: Ball 3-2: SINGLE (Flyball, 89S, EV 86.3 MPH) Hayward Mawdesley to second
|
Batting: RHB Francis Broomfield
|
0-0: Fly out, F5 (Line Drive, 56, EV 69.4 MPH)
|
Batting: RHB Harry Dudley
|
0-0: Bunt missed! 0-1: Sac Bunt to 15 - play at third, runner OUT! 1-6 Laurence Harris to second
|
Batting: RHB Edgar Haxby
|
0-0: Ball 1-0: Called Strike 1-1: Foul Ball, location: 3FF 1-2: Ball 2-2: Strikes out looking
|
Top of the 4th over - 0 runs, 2 hits, 0 errors, 2 left on base; Great Lakes Academy 0 - Gulf Academy 1 |
BOTTOM OF THE 4TH |
Gulf Academy Blues batting - Pitching for Great Lakes Academy Whites : RHP Frank Kelway
|
Batting: RHB Cloyd West
|
0-0: Called Strike 0-1: Fly out, F3 (Popup, 3, EV 55.0 MPH)
|
Batting: SHB Henry Davies
|
0-0: Ball 1-0: Ball 2-0: Ball 3-0: Base on Balls
|
Batting: RHB William Lewell
|
0-0: Ball 1-0: Ball 2-0: Called Strike Henry Davies is caught stealing 2nd base 2-4 2-1: Called Strike 2-2: SINGLE (Popup, 6M, EV 63.8 MPH)
|
Batting: RHB Romeo Hall
|
0-0: Ball 1-0: Ground out 4-3 (Groundball, 34, EV 84.4 MPH)
|
Bottom of the 4th over - 0 runs, 1 hit, 0 errors, 1 left on base; Great Lakes Academy 0 - Gulf Academy 1 |
TOP OF THE 5TH |
Great Lakes Academy Whites batting - Pitching for Gulf Academy Blues : RHP Wyatt Moore
|
Batting: RHB Frank Kelway
|
0-0: Ball 1-0: Called Strike 1-1: Swinging Strike 1-2: Foul Ball, location: 7LMF 1-2: Foul Ball, location: 2F 1-2: Ball 2-2: SINGLE (Line Drive, 8RS, EV 93.1 MPH)
|
Batting: SHB Edward Miller
|
0-0: Ball 1-0: Bunted foul 1-1: Bunt - Flyout to 15S - DP at third! 1-3
|
Batting: LHB Dillard Astbury
|
0-0: Ball 1-0: Ball 2-0: Foul Ball, location: 2F 2-1: Ground out 6-3 (Groundball, 6MD, EV 95.0 MPH)
|
Top of the 5th over - 0 runs, 1 hit, 0 errors, 0 left on base; Great Lakes Academy 0 - Gulf Academy 1 |
BOTTOM OF THE 5TH |
Gulf Academy Blues batting - Pitching for Great Lakes Academy Whites : RHP Frank Kelway
|
Batting: LHB Wyatt Moore
|
0-0: Ground out 4-3 (Groundball, 34D, EV 105.0 MPH)
|
Batting: LHB Richard Catling
|
0-0: Ball 1-0: Ball 2-0: Ball 3-0: Base on Balls
|
Batting: LHB Milo Ellis
|
0-0: Sac Bunt to 15S - play at first, batter OUT! 1-3 Richard Catling to second
|
Batting: SHB Charles Watson
|
0-0: Swinging Strike 0-1: Foul Ball, location: 23F 0-2: Foul Ball, location: 9LSF 0-2: Foul Ball, location: 5SF 0-2: Foul Ball, location: 5F 0-2: Foul Ball, location: 2F 0-2: Ball 1-2: Ground out 3-1 (Groundball, 34, EV 105.0 MPH)
|
Bottom of the 5th over - 0 runs, 0 hits, 0 errors, 1 left on base; Great Lakes Academy 0 - Gulf Academy 1 |
TOP OF THE 6TH |
Great Lakes Academy Whites batting - Pitching for Gulf Academy Blues : RHP Wyatt Moore
|
Batting: RHB Addison Lorimer
|
0-0: Ball 1-0: Ball 2-0: SINGLE (Groundball, 56D, EV 105.0 MPH)
|
Batting: RHB Hayward Mawdesley
|
0-0: Ball Wild Pitch! Addison Lorimer to second 1-0: Ball 2-0: Ball 3-0: Called Strike 3-1: Base on Balls
|
Batting: LHB Laurence Harris
|
0-0: SINGLE (Line Drive, 4MD, EV 94.4 MPH) Addison Lorimer to third Hayward Mawdesley to second
|
Batting: RHB Francis Broomfield
|
0-0: Called Strike 0-1: Foul Ball, location: 9LDF 0-2: Grounds into fielders choice 4-2 (Groundball, 4, EV 80.0 MPH) Hayward Mawdesley to third Laurence Harris to second
|
Batting: RHB Harry Dudley
|
0-0: Called Strike 0-1: Swinging Strike 0-2: Grounds into fielders choice 6-2 (Groundball, 6, EV 80.6 MPH) Laurence Harris to third Francis Broomfield to second
|
Batting: RHB Edgar Haxby
|
0-0: Ball 1-0: Ball 2-0: Called Strike 2-1: SINGLE (Groundball, 34D, EV 101.9 MPH) Laurence Harris scores Francis Broomfield to third Harry Dudley to second
|
Batting: RHB Frank Kelway
|
0-0: Called Strike 0-1: Ball 1-1: Fly out, F4 (Popup, 23, EV 81.9 MPH)
|
Top of the 6th over - 1 run, 3 hits, 0 errors, 3 left on base; Great Lakes Academy 1 - Gulf Academy 1 |
BOTTOM OF THE 6TH |
Gulf Academy Blues batting - Pitching for Great Lakes Academy Whites : RHP Frank Kelway
|
Batting: RHB Adam Mounsey
|
0-0: Ball 1-0: Called Strike 1-1: Ball 2-1: Foul Ball, location: 5FF 2-2: Ball 3-2: Foul Ball, location: 25F 3-2: Base on Balls
|
Batting: RHB Cloyd West
|
0-0: Ground out 5-3 (Groundball, 56S, EV 88.8 MPH) Adam Mounsey to second
|
Batting: SHB Henry Davies
|
0-0: Ball 1-0: Ball 2-0: Ball 3-0: Base on Balls
|
Pinch Runner at 2nd Vance Osborn:
|
|
Batting: RHB William Lewell
|
0-0: Ball 1-0: Called Strike 1-1: Ball 2-1: Foul Ball, location: 2F 2-2: Strikes out looking
|
Batting: RHB Romeo Hall
|
0-0: Ball 1-0: Fly out, F3 (Popup, 34, EV 66.3 MPH)
|
Bottom of the 6th over - 0 runs, 0 hits, 0 errors, 2 left on base; Great Lakes Academy 1 - Gulf Academy 1 |
TOP OF THE 7TH |
Great Lakes Academy Whites batting - Pitching for Gulf Academy Blues : RHP Wyatt Moore
|
Now at 3B: Roman Anderson
|
|
Batting: SHB Edward Miller
|
0-0: Fly out, F6 (Line Drive, 6MD, EV 71.9 MPH)
|
Batting: LHB Dillard Astbury
|
0-0: Ball 1-0: Foul Ball, location: 3F 1-1: Ball 2-1: Foul Ball, location: 9LDF 2-2: Foul Ball, location: 2F 2-2: Ball 3-2: Ground out U3 (Groundball, 13, EV 80.6 MPH)
|
Batting: RHB Addison Lorimer
|
0-0: Ball 1-0: Swinging Strike 1-1: Foul Ball, location: 2F 1-2: SINGLE (Line Drive, 8LS, EV 106.9 MPH)
|
Batting: RHB Hayward Mawdesley
|
0-0: Called Strike 0-1: Called Strike 0-2: Strikes out swinging
|
Top of the 7th over - 0 runs, 1 hit, 0 errors, 1 left on base; Great Lakes Academy 1 - Gulf Academy 1 |
BOTTOM OF THE 7TH |
Gulf Academy Blues batting - Pitching for Great Lakes Academy Whites : RHP Frank Kelway
|
Pinch Hitting: LHB Gennaro Verney
|
0-0: Fly out, F5 (Popup, 56, EV 58.8 MPH)
|
Batting: LHB Richard Catling
|
0-0: Ball 1-0: Called Strike 1-1: Swinging Strike 1-2: Fly out, F6 (Popup, 6S, EV 69.4 MPH)
|
Batting: LHB Milo Ellis
|
0-0: Ball 1-0: Ball 2-0: Called Strike 2-1: Ground out 6-3 (Groundball, 6S, EV 102.5 MPH)
|
Bottom of the 7th over - 0 runs, 0 hits, 0 errors, 0 left on base; Great Lakes Academy 1 - Gulf Academy 1 |
TOP OF THE 8TH |
Great Lakes Academy Whites batting - Pitching for Gulf Academy Blues : RHP Wyatt Moore
|
Pitching: RHP Riley Jeremy
|
|
Batting: LHB Laurence Harris
|
0-0: Called Strike 0-1: Ball 1-1: Swinging Strike 1-2: Foul Ball, location: 5F 1-2: Ball 2-2: Ball 3-2: Foul Ball, location: 2F 3-2: Foul Ball, location: 25FF 3-2: SINGLE (Line Drive, 6MD, EV 95.6 MPH)
|
Pinch Hitting: LHB Aurelio Ancram
|
0-0: SINGLE (Groundball, 34D, EV 97.5 MPH) Laurence Harris to second
|
Batting: RHB Harry Dudley
|
0-0: Ball 1-0: Bunt missed! 1-1: Bunted foul 1-2: Ball 2-2: Foul Ball, location: 2F 2-2: Ball 3-2: SINGLE (Groundball, 34D, EV 109.4 MPH) Laurence Harris to third Aurelio Ancram to second
|
Pinch Hitting: RHB Dudley Priestley
|
0-0: Ball 1-0: Called Strike 1-1: Ball 2-1: Ball 3-1: Called Strike 3-2: Grounds into fielders choice U2 (Groundball, 2R, EV 70.6 MPH) Aurelio Ancram to third Harry Dudley to second
|
Batting: RHB Frank Kelway
|
0-0: Swinging Strike 0-1: Fly out, F8 (Flyball, 8RXD, EV 95.0 MPH) Runner from 3rd tags up, SCORES, no throw by CF
|
Batting: SHB Edward Miller
|
0-0: Swinging Strike 0-1: Ground out 4-3 (Groundball, 34D, EV 99.4 MPH)
|
Top of the 8th over - 1 run, 3 hits, 0 errors, 2 left on base; Great Lakes Academy 2 - Gulf Academy 1 |
BOTTOM OF THE 8TH |
Gulf Academy Blues batting - Pitching for Great Lakes Academy Whites : RHP Frank Kelway
|
Now at C: Owen Elliott
|
|
Now in LF: George Bainbridge
|
|
Batting: SHB Charles Watson
|
0-0: Called Strike 0-1: SINGLE (Groundball, 34D, EV 103.1 MPH)
|
Batting: RHB Roman Anderson
|
0-0: Bunt - Flyout to 23! F3
|
Batting: RHB Cloyd West
|
0-0: Ball 1-0: DOUBLE (Flyball, 9LM, EV 100.0 MPH) Charles Watson to third
|
Pinch Hitting: LHB John Taylor
|
0-0: Called Strike 0-1: Ball 1-1: Ball 2-1: Called Strike 2-2: Ball 3-2: Base on Balls
|
Pinch Hitting: LHB Thaddeus Ellerby
|
0-0: Called Strike 0-1: Foul Ball, location: 5DF 0-2: Ball 1-2: Foul Ball, location: 5DF 1-2: Foul Ball, location: 5DF 1-2: Foul Ball, location: 7LSF 1-2: Ball 2-2: Grounds into fielders choice 3-2 (Groundball, 3, EV 83.8 MPH) Cloyd West to third John Taylor to second
|
Batting: RHB Romeo Hall
|
0-0: Ground out 5-3 (Groundball, 5S, EV 69.4 MPH)
|
Bottom of the 8th over - 0 runs, 2 hits, 0 errors, 3 left on base; Great Lakes Academy 2 - Gulf Academy 1 |
TOP OF THE 9TH |
Great Lakes Academy Whites batting - Pitching for Gulf Academy Blues : RHP Riley Jeremy
|
Now at 2B: Erich Bundy
|
|
Now in LF: John Taylor
|
|
Now in RF: Richard Catling
|
|
Batting: LHB Dillard Astbury
|
0-0: Swinging Strike 0-1: Foul Ball, location: 2F 0-2: Foul Ball, location: 2LF 0-2: Foul Ball, location: 2LF 0-2: Fly out, F7 (Line Drive, 7, EV 91.9 MPH)
|
Batting: RHB Addison Lorimer
|
0-0: Fly out, F8 (Flyball, 78S, EV 83.1 MPH)
|
Batting: RHB Hayward Mawdesley
|
0-0: Called Strike 0-1: Ball 1-1: Called Strike 1-2: Foul Ball, location: 9LSF 1-2: Ball 2-2: Foul Ball, location: 25F 2-2: Ball 3-2: Strikes out looking
|
Top of the 9th over - 0 runs, 0 hits, 0 errors, 0 left on base; Great Lakes Academy 2 - Gulf Academy 1 |
BOTTOM OF THE 9TH |
Gulf Academy Blues batting - Pitching for Great Lakes Academy Whites : RHP Frank Kelway
|
Pinch Hitting: RHB Thomas Beach
|
0-0: Ball 1-0: SINGLE (Groundball, 6MD, EV 104.4 MPH)
|
Batting: LHB Richard Catling
|
0-0: Sac Bunt to 5S - play at second, runner safe!
|
Batting: LHB Milo Ellis
|
0-0: Bunted foul 0-1: Ball 1-1: Sac Bunt to 15S - play at third, runner OUT! 1-6 Richard Catling to second
|
Batting: SHB Charles Watson
|
0-0: Fly out, F7 (Flyball, 7D, EV 86.9 MPH)
|
Pinch Hitting: LHB Ellis Burton
|
0-0: Fly out, F7 (Flyball, 7D, EV 100.0 MPH)
|
Bottom of the 9th over - 0 runs, 1 hit, 0 errors, 2 left on base; Great Lakes Academy 2 - Gulf Academy 1 |
|